 Dungeon Crawl Stone Soup version 0.18.1-50-g88ac8fd (webtiles) character file.

53 Gargoyl the Skirmisher (level 3, 18/29 HPs)
             Began as a Demonspawn Abyssal Knight on Sept 19, 2016.
             Was a Follower of Lugonu.
             Quit the game on level 2 of the Dungeon.
             The game lasted 00:02:20 (1387 turns).

Gargoyl the Skirmisher (Demonspawn Abyssal Knight)  Turns: 1387, Time: 00:02:21

Health: 18/29      AC: 10    Str: 19    XL:     3   Next: 64%
Magic:  3/5        EV:  7    Int: 13    God:    Lugonu [*.....]
Gold:   149        SH:  0    Dex: 12    Spells: 0 memorised, 2 levels left

rFire  . . .     SeeInvis .     a - +1 hand axe
rCold  . . .     Gourm    .     h - +0 chain mail
rNeg   . . .     Faith    .     (no shield)
rPois  .         Spirit   +     (no helmet)
rElec  .         Dismiss  .     (no cloak)
rCorr  .         Reflect  .     (no gloves)
SustAt .         Harm     .     (no boots)
MR     .....                    (no amulet)
Stlth  ..........               (no ring)
                                d - +6 ring of strength

@: not resistant to hostile enchantments, extremely unstealthy
A: slimy green scales 1, magic shield
a: Depart the Abyss, Renounce Religion


You were on level 2 of the Dungeon.
You worshipped Lugonu.
Lugonu was aware of your devotion.
You were hungry.

You visited 1 branch of the dungeon, and saw 2 of its levels.
You visited the Abyss 1 time.

You collected 149 gold pieces.

Inventory:

Hand Weapons
 a - a +1 hand axe (weapon)
Armour
 h - a +0 chain mail (worn)
Jewellery
 d - a +6 ring of strength (left hand)
Scrolls
 e - a scroll of remove curse {unknown}
 g - a scroll of teleportation {unknown}
 m - a scroll of fear {unknown}
 n - a scroll of enchant armour {unknown}
 p - a scroll of recharging {unknown}
Potions
 f - a potion of flight {unknown}
 j - a potion of haste {unknown}
 k - a potion of brilliance {unknown}
 o - 2 potions of lignification {unknown}
Comestibles
 b - a beef jerky
 c - 2 bread rations
 i - 5 fruits


   Skills:
 + Level 3.5 Fighting
 + Level 2.2 Axes
 * Level 2.5 Armour
 + Level 1.1 Dodging
 + Level 2.8 Invocations


You had 2 spell levels left.
You didn't know any spells.

Dungeon Overview and Level Annotations

Branches:
Dungeon (2/15)

Altars:
Qazlal


Innate Abilities, Weirdness & Mutations

You are partially covered in slimy green scales (AC +2).
When hurt, damage is shared between your health and your magic reserves.


Message History

You hit Ijyb.
Ijyb is severely wounded.
Ijyb hits you but does no damage. x2
You hit Ijyb.
Ijyb is severely wounded.
Ijyb hits you but does no damage.
You hit Ijyb.
Ijyb is almost dead.
Ijyb hits you but does no damage.
You hit Ijyb.
You kill Ijyb!
Lugonu accepts your kill.
Your Axes skill increases to level 2!
You have reached level 3!
Your experience leads to an increase in your attributes!
Your base attributes are Str 12, Int 13, Dex 12.
Increase (S)trength, (I)ntelligence, or (D)exterity?
You feel stronger.
Your demonic ancestry asserts itself...
You feel your magical essence form a protective shroud around your flesh.
Are you sure you want to abandon this character and quit the game? (Confirm with "yes".)

##.#...#.#.....>...
.#.##'##.###########
.#.##.##.#### #.$.
.#.##.##....# #...
....#.##....# #..
##..#.##....####..
(.(.#.##.(.....#.#
#...÷..........#$#
....)..>########@#
...>......#......#
.......##.#.#######
..#.#.#.......(...#
..#.#.#.#.#.#####.#
#.#.#.#.#.#.#
..#.#†#.#.#.#
###.#.#.#.#.#
....#.#.#.#.#


There were no monsters in sight!

Vanquished Creatures
  Ijyb (D:2)
  2 dart slugs (D:1)
  3 goblins
  3 hobgoblins
  2 kobolds
  A quokka (D:2)
  5 bats (D:1)
  4 giant newts
  3 rats
24 creatures vanquished.

Notes
Turn   | Place    | Note
--------------------------------------------------------------
     0 | Abyss:1  | Gargoyl the Demonspawn Abyssal Knight began the quest for the Orb.
     0 | Abyss:1  | Reached XP level 1. HP: 18/18 MP: 2/2
   100 | Abyss:2  | Noticed an eidolon
   104 | Abyss:2  | Noticed a worldbinder
   106 | Abyss:2  | Noticed an orc priest
   108 | Abyss:2  | Noticed an eye of draining
   122 | Abyss:2  | Noticed a troll
   123 | Abyss:2  | Noticed an orc priest
   126 | Abyss:3  | Noticed a raiju
   129 | D:1      | Escaped the Abyss
   599 | D:1      | Reached * piety under Lugonu
   690 | D:1      | Gained mutation: You are partially covered in slimy green scales (AC +2). [demonic ancestry]
   690 | D:1      | Reached XP level 2. HP: 24/24 MP: 3/3
   696 | D:1      | Reached skill level 1 in Dodging
  1241 | D:2      | Found a stormy altar of Qazlal.
  1360 | D:2      | Noticed Ijyb
  1386 | D:2      | Killed Ijyb
  1386 | D:2      | Gained mutation: When hurt, damage is shared between your health and your magic reserves. [demonic ancestry]
  1386 | D:2      | Reached XP level 3. HP: 17/29 MP: 3/5
  1387 | D:2      | Quit the game

Skill      XL: |  1  2 |
---------------+-------+-----
Armour         | 2 |  2.5
Dodging        | 1 |  1.1
Axes           | 2 |  2.2
Fighting       | |  3.5
Invocations    | |  2.8

Action                   || total
-------------------------++-------
Melee: Hand axe          ||   108
Invok: Depart the Abyss  ||     1
  Eat: Chunk             ||     1
Armor: Chain mail        ||    80
       Leather armour    ||     1
Dodge: Dodged            ||    48
